Map: Cerulean Fall LE

Players

avilo

  • Race: Terran Terran
  • League: Grandmaster
  • Spawn Location: 7:00

MCanning - Winner!

  • Race: Protoss Protoss
  • League: Grandmaster
  • Spawn Location: 1:00

Event: Cheeseadelphia 8

VOD

Have the link to the VOD?

Description

Time

  • Played on: Dec. 8, 2018, 5:53 p.m.
  • Length: 23:19

All games in this series

Show
View Real Time Build Order
Export as new Build Order

avilo Terran 

Build Orders: Cyclone Opening, Mech 

Get SALT Encoding   

  12  0:00  SCV  
  13  0:12  SCV  
  14  0:18  Supply Depot  
  14  0:24  SCV  
  15  0:32  Refinery  
  15  0:39  SCV  
  16  0:45  Barracks  
  16  0:51  SCV  
  17  1:03  Refinery, SCV  
  18  1:10  Supply Depot  
  18  1:16  SCV  
  19  1:28  SCV  
  20  1:40  Orbital Command  
  20  1:41  Reaper  
  21  1:54  Factory  
  21  2:05  SCV  
  22  2:18  SCV, Barracks Tech Lab  
  22  2:30  SCV  
  23  2:39  Starport  
  23  2:42  SCV  
  24  2:47  Cyclone  
  27  2:53  Supply Depot  
  27  2:54  SCV  
  27  2:57  Barracks Tech Lab  
  28  3:06  SCV  
  29  3:23  Cloaking Field, SCV, Banshee  
  33  3:31  Command Center  
  33  3:35  SCV  
  34  3:44  Siege Tank  
  34  3:45  Barracks Reactor  
  34  3:48  SCV  
  38  3:53  Supply Depot  
  38  4:00  SCV  
  39  4:14  Banshee  
  39  4:16  Cyclone  
  45  4:22  SCV  
  45  4:23  Engineering Bay  
  45  4:26  Marine  
  45  4:27  Marine  
  47  4:43  SCV  
  45  4:46  Orbital Command  
  45  4:50  Marine x2  
  46  4:53  Missile Turret  
  46  5:04  Siege Tank  
  49  5:07  Missile Turret  
  49  5:08  SCV  
  49  5:11  SCV  
  48  5:20  Marine x2, SCV  
  51  5:23  Missile Turret  
  51  5:24  SCV  
  51  5:25  Missile Turret  
  51  5:26  Refinery  
  51  5:27  Refinery  
  52  5:32  SCV, Mag-Field Accelerator  
  53  5:36  SCV  
  53  5:41  Supply Depot  
  54  5:43  Missile Turret  
  54  5:47  SCV  
  54  5:48  SCV  
  56  5:53  Factory  
  56  5:56  Factory  
  56  5:59  Supply Depot  
  56  6:00  SCV x2  
  58  6:06  Factory  
  58  6:09  Marine x2  
  60  6:12  SCV  
  60  6:13  SCV  
  62  6:18  Armory  
  62  6:24  SCV  
  62  6:25  SCV  
  64  6:27  Cyclone  
  67  6:36  SCV  
  67  6:37  SCV  
  69  6:45  Cyclone, Supply Depot  
  69  6:46  Supply Depot  
  72  6:48  SCV  
  72  6:49  SCV  
  74  6:55  Widow Mine x2  
  74  6:58  Factory Tech Lab  
  78  7:01  Supply Depot  
  78  7:06  SCV x2  
  80  7:14  Missile Turret  
  80  7:15  Cyclone  
  80  7:18  Cyclone, SCV x2  
  80  7:20  Cyclone  
  88  7:30  SCV x2  
  88  7:31  Terran Vehicle Weapons Level 1  
  90  7:38  Command Center  
  90  7:45  Hellion  
  90  7:46  SCV x2  
  90  7:47  Cyclone  
  97  7:54  Supply Depot  
  97  7:55  Supply Depot  
  97  7:59  Cyclone  
  97  8:02  Supply Depot  
  97  8:09  Cyclone  
  97  8:10  Hellion x2  
  96  8:19  SCV x2  
  96  8:24  Supply Depot  
  93  8:27  Cyclone  
  93  8:28  Supply Depot  
  93  8:31  Widow Mine x2  
  98  8:34  Command Center  
  98  8:43  Cyclone x2  
  104  8:52  Drilling Claws  
  104  8:55  Starport Reactor  
  104  8:56  SCV  
  104  8:57  SCV  
  104  9:01  Command Center  
  113  9:03  Missile Turret  
  113  9:04  Widow Mine x2  
  113  9:13  SCV x2  
  115  9:17  Supply Depot x2  
  115  9:20  Supply Depot  
  121  9:26  Sensor Tower  
  121  9:29  Widow Mine x2  
  121  9:30  Missile Turret  
  115  9:31  Siege Tank x3  
  115  9:35  Missile Turret  
  118  9:40  SCV x2  
  118  9:43  Infernal Pre-Igniter  
  118  9:44  Terran Vehicle Weapons Level 2  
  120  9:53  Supply Depot  
  120  9:54  Supply Depot  
  120  9:58  Widow Mine x2  
  124  10:04  SCV x2  
  124  10:06  Refinery  
  120  10:08  Refinery  
  119  10:20  Planetary Fortress  
  119  10:23  Siege Tank  
  119  10:24  Hellion  
  119  10:25  Hellion x3  
  119  10:26  SCV x2  
  126  10:46  Hellion  
  125  10:50  Siege Tank x2, Widow Mine  
  125  10:55  Siege Tank  
  125  10:56  SCV x2  
  124  11:00  Supply Depot, Hellion x5  
  124  11:08  SCV x2, Command Center  
  124  11:09  SCV  
  127  11:11  Missile Turret  
  127  11:15  Widow Mine x2  
  131  11:24  Widow Mine x2  
  135  11:28  Starport  
  135  11:29  Starport  
  135  11:35  Viking x2  
  135  11:54  Barracks Tech Lab, Widow Mine x5  
  137  11:58  Ghost Academy  
  137  11:59  SCV x3  
  140  12:09  Missile Turret  
  140  12:12  Starport Tech Lab  
  140  12:13  Starport Tech Lab  
  140  12:14  Viking x2, Starport  
  144  12:26  Cyclone  
  144  12:27  Cyclone x2  
  153  12:35  Orbital Command  
  153  12:42  Refinery x2  
  153  12:50  Banshee  
  153  12:51  Banshee  
  159  12:52  Starport Reactor  
  159  12:59  Missile Turret  
  157  13:09  Viking  
  157  13:10  Widow Mine x3  
  143  13:20  Siege Tank x2  
  143  13:26  Viking  
  145  13:31  Viking, Siege Tank  
  145  13:33  Viking  
  145  13:34  Viking  
  154  13:38  Sensor Tower  
  154  13:39  Terran Ship Weapons Level 1, Viking  
  154  13:41  Sensor Tower  
  156  13:47  Widow Mine x2  
  156  13:48  Viking  
  162  13:50  Smart Servos  
  162  13:52  Widow Mine  
  162  13:54  Ghost  
  164  14:04  Widow Mine x2  
  164  14:08  Widow Mine  
  170  14:15  Raven, Viking x3  
  176  14:25  Cyclone, Missile Turret  
  176  14:27  Missile Turret  
  179  14:35  Banshee  
  179  14:36  Viking  
  181  14:51  Viking x3  
  187  14:53  Ghost  
  187  14:58  Viking  
  191  15:07  Missile Turret  
  191  15:10  Missile Turret  
  191  15:16  Widow Mine x2  
  191  15:17  Widow Mine x2  
  191  15:20  Command Center  
  199  15:33  Armory  
  199  15:34  Terran Ship Weapons Level 2  
  199  15:37  Armory  
  199  15:51  Command Center  
  199  16:00  Missile Turret  
  199  16:01  Missile Turret x2  
  197  16:22  Corvid Reactor  
  185  16:33  Raven, Viking x2, Banshee  
  187  16:49  Missile Turret  
  187  16:55  Viking x2  
  188  17:11  Personal Cloaking  
  188  17:15  Viking x2  
  192  17:16  Viking x2  
  191  17:25  Viking  
  191  17:28  Terran Vehicle Weapons Level 3, Terran Vehicle And Ship Armor Level 1  
  188  17:36  Missile Turret  
  176  17:52  Viking x5  
  170  18:24  Ghost  
  164  18:36  Hellion  
  164  18:37  Viking x3, Hellion x4  
  173  18:51  Viking x3  
  179  18:57  Orbital Command  
  179  18:58  Hellion  
  181  19:04  Liberator x3  
  181  19:07  Viking x3  
  184  19:46  Viking x3  
  184  19:47  Hellion x2  
  184  19:48  Hellion x3  
  186  20:09  Hellion x2  
  168  20:28  Banshee x2  
  128  20:51  Viking x3  
  128  20:52  Viking  
  100  21:11  Banshee x2  
  104  21:21  Viking x3  
  104  21:22  Viking  
  102  21:48  Hellion x3  
  102  21:49  Hellion x2  
  102  21:51  Viking  
  102  22:10  Hellion  
Show
View Real Time Build Order
Export as new Build Order

MCanning Protoss - Winner!

Build Orders: Oracle Opening, Phoenix Opening, Carriers 

Get SALT Encoding   

  12  0:00  Probe  
  13  0:12  Probe  
  14  0:20  Pylon  
  14  0:24  Probe  
  15  0:35  Probe  
  15  0:39  Gateway  
  16  0:43  Probe  
  16  0:48  Assimilator  
  17  0:52  Probe  
  18  1:04  Probe  
  19  1:15  Assimilator  
  19  1:17  Probe  
  20  1:27  Cybernetics Core  
  20  1:29  Probe  
  20  1:30  Pylon  
  21  1:41  Probe  
  22  1:53  Probe  
  23  1:54  Adept  
  23  2:06  Warp Gate  
  26  2:13  Pylon  
  25  2:16  Stargate  
  25  2:25  Stalker  
  27  2:39  Nexus  
  27  2:51  Phoenix  
  27  2:53  Shield Battery  
  27  3:04  Stalker  
  31  3:13  Phoenix  
  31  3:14  Probe  
  32  3:25  Shield Battery  
  34  3:28  Probe  
  35  3:40  Probe, Phoenix  
  36  3:51  Gateway  
  36  3:57  Probe  
  36  3:58  Oracle  
  40  4:10  Shield Battery  
  40  4:16  Probe  
  41  4:19  Probe  
  42  4:27  Probe  
  42  4:28  Probe  
  43  4:36  Oracle, Probe  
  47  4:40  Probe  
  49  4:48  Probe  
  50  4:53  Probe  
  50  4:57  Pylon  
  51  5:08  Probe  
  51  5:11  Probe  
  53  5:20  Probe, Forge  
  54  5:21  Twilight Council  
  54  5:24  Phoenix  
  56  5:32  Pylon  
  56  5:33  Charge  
  56  5:38  Nexus, Probe  
  56  5:40  Probe  
  56  5:41  Protoss Ground Weapons Level 1  
  58  5:43  Pylon  
  58  5:52  Probe  
  58  5:53  Probe  
  58  5:55  Assimilator  
  60  6:04  Probe  
  61  6:12  Probe  
  61  6:16  Probe  
  63  6:22  Robotics Facility  
  63  6:24  Probe  
  64  6:27  Gateway  
  64  6:28  Gateway  
  64  6:29  Pylon  
  64  6:34  Probe  
  64  6:37  Gateway  
  65  6:40  Gateway  
  65  6:41  Gateway  
  65  6:42  Pylon  
  65  6:46  Sentry x2  
  69  6:48  Probe  
  70  6:54  Probe  
  70  6:57  Photon Cannon  
  70  7:00  Probe  
  72  7:04  Phoenix  
  72  7:06  Probe  
  75  7:08  Immortal  
  75  7:14  Probe  
  80  7:18  Probe  
  80  7:22  Zealot x3  
  87  7:30  Pylon x2  
  87  7:35  Immortal  
  87  7:36  Zealot  
  89  7:45  Zealot x3  
  89  7:50  Zealot x2  
  100  7:51  Zealot  
  102  8:04  Warp Prism  
  102  8:08  Zealot  
  102  8:09  Zealot x3  
  106  8:14  Probe  
  106  8:17  Pylon  
  106  8:18  Templar Archives  
  109  8:22  Zealot x3  
  107  8:31  Immortal  
  105  8:36  Probe x3  
  112  8:48  Probe x2, Zealot x3  
  111  8:51  Robotics Bay, Protoss Ground Armor Level 1  
  111  8:54  Assimilator  
  111  8:57  Assimilator  
  111  9:00  High Templar x2  
  115  9:05  Archon  
  115  9:06  Probe  
  115  9:09  Pylon  
  116  9:12  Pylon  
  114  9:17  Zealot x3  
  114  9:18  Zealot x2  
  124  9:28  Robotics Facility  
  124  9:34  Disruptor  
  124  9:37  Nexus  
  122  9:40  Probe  
  122  9:41  Zealot x4  
  134  9:49  Blink  
  134  9:54  Pylon  
  134  10:00  Immortal  
  138  10:17  Fleet Beacon  
  138  10:20  Stargate  
  138  10:24  Photon Cannon  
  138  10:26  Photon Cannon  
  138  10:28  Shield Battery  
  138  10:37  Zealot x4  
  138  10:38  Zealot x3  
  138  10:42  Immortal  
  128  10:51  Disruptor  
  128  10:54  Tempest x2  
  109  10:57  Probe  
  110  11:06  Probe  
  119  11:12  Probe  
  119  11:14  Observer  
  120  11:21  Stalker  
  120  11:22  Stalker x2  
  120  11:25  Assimilator  
  127  11:26  Zealot  
  127  11:27  Assimilator  
  127  11:28  Disruptor  
  132  11:37  Shield Battery  
  132  11:39  Photon Cannon, Adept x2  
  134  11:40  Adept  
  134  11:42  Probe  
  134  11:43  Probe  
  134  11:45  Probe  
  134  11:46  Probe  
  130  11:50  Probe  
  127  11:55  Probe  
  127  11:58  Probe x2  
  131  12:02  Carrier  
  131  12:03  Carrier, Disruptor  
  131  12:07  Probe  
  141  12:17  Pylon  
  141  12:22  Pylon  
  145  12:29  Probe  
  144  12:30  Zealot x2  
  144  12:31  Protoss Air Weapons Level 1  
  144  12:33  Probe  
  149  12:37  Photon Cannon  
  149  12:38  Pylon  
  149  12:49  Zealot  
  149  12:50  Zealot x2  
  155  12:52  Stargate  
  153  13:00  Stalker x2, Zealot  
  155  13:15  Carrier  
  155  13:17  Carrier  
  154  13:24  Psionic Storm  
  154  13:26  Probe  
  155  13:32  Carrier, Probe  
  156  13:34  High Templar x2  
  156  13:39  Assimilator  
  164  13:50  Observer  
  164  13:55  High Templar  
  167  13:57  Probe  
  167  14:01  Zealot  
  170  14:04  Protoss Air Weapons Level 2  
  170  14:11  Nexus  
  170  14:13  Protoss Shields Level 1  
  170  14:14  Pylon  
  168  14:17  Tempest  
  168  14:18  Tempest  
  178  14:34  Oracle  
  178  14:35  Photon Cannon  
  178  14:37  Photon Cannon  
  178  14:39  Shield Battery  
  179  14:50  Tempest  
  175  15:04  Stalker x2  
  175  15:05  Stalker  
  186  15:09  Assimilator  
  186  15:12  Oracle  
  186  15:14  Assimilator  
  186  15:16  Pylon  
  186  15:18  Oracle  
  192  15:22  Probe  
  191  15:37  Stalker x3  
  197  15:58  High Templar  
  194  16:06  Oracle  
  197  16:39  Carrier  
  200  16:58  Gateway, Tempest  
  200  17:00  Gateway  
  200  17:02  Gateway  
  200  17:03  Stargate  
  200  17:04  Protoss Shields Level 2  
  196  17:58  Tempest  
  196  18:15  Oracle  
  193  18:46  Oracle  
  194  18:49  Probe  
  194  18:54  Robotics Facility  
  195  18:56  Gateway x2  
  195  19:03  Dark Shrine  
  195  19:14  Probe  
  194  19:26  Nexus  
  187  19:41  Tempest  
  187  19:43  Tempest  
  197  19:51  High Templar  
  199  19:54  Probe  
  195  20:18  Nexus  
  195  20:19  Oracle, Pylon  
  195  20:34  Tempest  
  189  20:42  Zealot  
  189  20:43  Dark Templar, Zealot x3  
  189  20:44  Dark Templar x2  
  183  20:51  Dark Templar x3  
  177  20:58  Tempest  
  174  21:06  Photon Cannon  
  174  21:08  Photon Cannon  
  174  21:10  Photon Cannon  
  170  21:12  Photon Cannon, Zealot x3  
  176  21:20  Photon Cannon  
  176  21:24  Photon Cannon  
  160  21:45  Tempest  
  151  21:52  Probe  
  138  22:02  Zealot x3  
  138  22:03  Zealot x6  
  138  22:04  Probe  
  157  22:11  Probe  
  157  22:21  Probe  
  156  22:26  Photon Cannon  
  156  22:27  Photon Cannon  
  152  22:44  Nexus  
  152  22:45  Pylon  
Tags
 
Add a new tag
Caveats
  • Supply blocks, unpowered buildings, or Contaminate may cause inaccurate times.
  • Supply counts are checked every 10 seconds.